 Dungeon Crawl Stone Soup version 0.20.1-1-g8b1a95d (webtiles) character file.

233 geeseburger the Cutter (level 5, -2/41 HPs)
             Began as a Demonspawn Berserker on Oct 20, 2017.
             Was a Believer of Trog.
             Slain by Menkaure (18 damage)
             ... on level 4 of the Dungeon.
             The game lasted 00:08:30 (2901 turns).

geeseburger the Cutter (Demonspawn Berserker)       Turns: 2901, Time: 00:08:31

Health: -2/41      AC:  7    Str: 18    XL:     5   Next: 75%
Magic:  5/5        EV: 10    Int:  9    God:    Trog [**....]
Gold:   162        SH:  0    Dex: 12    Spells: 4/4 levels left

rFire    + . .     SeeInvis .   l - +2 short sword (speed)
rCold    . . .     Gourm    .   (no shield)
rNeg     . . .     Faith    .   e - +0 scale mail
rPois    .         Spirit   .   (helmet restricted)
rElec    .         Reflect  .   (no cloak)
rCorr    .         Harm     .   g - +0 pair of gloves
MR       ++...                  (no boots)
Stlth    ..........             (no amulet)
Regen    1.2/turn               (no ring)
MPRegen  0.1/turn               (no ring)

@: regenerating
A: antennae 1, fire resistance 1
a: Berserk, Trog's Hand, Burn Spellbooks, Renounce Religion


You were on level 4 of the Dungeon.
You worshipped Trog.
Trog was pleased with you.
You were not hungry.

You visited 1 branch of the dungeon, and saw 4 of its levels.

You collected 162 gold pieces.

Inventory:

Hand Weapons
 i - a +2 mace of protection
 l - a +2 short sword of speed (weapon)
Armour
 e - a +0 scale mail (worn)
 g - a +0 pair of gloves (worn)
Jewellery
 a - a cursed ring of teleportation {unknown}
Scrolls
 f - 2 scrolls of remove curse
 n - 2 scrolls of amnesia
 p - 3 scrolls of teleportation
Potions
 b - a potion of lignification {unknown}
 d - a potion of curing
 h - a potion of haste {unknown}
 m - 2 potions of brilliance {unknown}
 q - 2 potions of agility
 s - 3 potions of mutation
 t - 2 potions of might {unknown}
 u - a potion of invisibility {unknown}
Comestibles
 c - 3 bread rations
 o - 3 meat rations
 r - a royal jelly


   Skills:
 - Level 3.0 Fighting
 + Level 4.3(4.9) Short Blades
   Level 3.3(4.4) Long Blades
 - Level 1.2 Maces & Flails
 - Level 1.7 Armour
 - Level 1.7 Dodging


You had 4 spell levels left.
You didn't know any spells.

Dungeon Overview and Level Annotations

Branches:
Dungeon (4/15)
 Temple: D:4-7

Altars:
Xom
Yredelemnul
Zin

Annotations:
D:4 Menkaure


Innate Abilities, Weirdness & Mutations

You have a pair of small antennae on your head.
Your flesh is heat resistant. (rF+)


Message History

Menkaure hits you!
* * * LOW HITPOINT WARNING * * *
You feel better. Menkaure hits you but does no damage.
Your skin crawls.
You feel resistant to hostile enchantments.
You feel quite a bit more hungry.
Menkaure calls on the powers of darkness!
Your body is wracked with pain!
You barely miss Menkaure.
Menkaure is lightly damaged.
Menkaure hits you but does no damage.
You hit Menkaure.
Menkaure is moderately damaged.
You hit Menkaure.
Menkaure is heavily damaged.
Menkaure closely misses you.
You hit Menkaure.
Menkaure is severely damaged.
Menkaure hits you!!
You die...

....... # ....... ...
.#........ ...#
#......... #...#
#.........
.....##.#....... #.
.......M....... ...#..
##....@....... ....#..
#..#.......#..
.)......##.##.†...#....
##.....>..........#....#
......#.#.#.#........###
.....................#
......#.#.#.#..........
.......................
......#.#.#.#..........


You could see Menkaure.

Vanquished Creatures
  A howler monkey (D:4)
  Terence (D:2)
  Natasha (thrice) (D:3)
  2 adders
  3 dart slugs
  A leopard gecko (D:2)
  2 orcs (D:3)
  6 bats
  7 giant cockroaches
  6 goblins
  5 hobgoblins
  5 jackals
  7 kobolds
  3 quokkas
  2 ball pythons
  6 frilled lizards
  12 rats
72 creatures vanquished.

Notes
Turn   | Place    | Note
-------+----------+-------------------------------------------
     0 | D:1      | geeseburger the Demonspawn Berserker began the quest for the Orb.
     0 | D:1      | Reached XP level 1. HP: 18/18 MP: 1/1
    59 | D:1      | Gained mutation: You have a pair of small antennae on your head. [demonic ancestry]
    59 | D:1      | Reached XP level 2. HP: 22/24 MP: 2/2
   556 | D:1      | Reached skill level 1 in Maces & Flails
   906 | D:1      | Reached XP level 3. HP: 29/29 MP: 3/3
  1227 | D:2      | Reached skill level 1 in Short Blades
  1229 | D:2      | Reached ** piety under Trog
  1425 | D:2      | Noticed Terence
  1437 | D:2      | Killed Terence
  1437 | D:2      | Reached skill level 2 in Short Blades
  1437 | D:2      | Gained mutation: Your flesh is heat resistant. (rF+) [demonic ancestry]
  1437 | D:2      | Reached XP level 4. HP: 21/35 MP: 4/4
  1621 | D:2      | Found a shimmering altar of Xom.
  1621 | D:2      | Found a basalt altar of Yredelemnul.
  2182 | D:3      | Noticed Natasha
  2191 | D:3      | Killed Natasha
  2191 | D:3      | Reached skill level 3 in Short Blades
  2359 | D:3      | Found a glowing silver altar of Zin.
  2398 | D:3      | Noticed Natasha
  2407 | D:3      | Killed Natasha
  2407 | D:3      | Reached XP level 5. HP: 35/41 MP: 5/5
  2414 | D:3      | Noticed Natasha
  2423 | D:3      | Killed Natasha
  2863 | D:4      | Reached skill level 4 in Short Blades
  2887 | D:4      | Noticed Menkaure
  2887 | D:4      | Reached *** piety under Trog
  2901 | D:4      | Slain by Menkaure

Skill      XL: |  1  2  3  4  5 |
---------------+----------------+-----
Long Blades    | 3 |  3.3
Maces & Flails | 1 |  1.2
Short Blades   | 2 3 4 |  4.3
Fighting       | |  3.0
Armour         | |  1.7
Dodging        | |  1.7

Action                   |  1- 3 |  4- 6 || total
-------------------------+-------+-------++-------
Melee: Falchion          |    25 |       ||    25
       Mace              |    30 |       ||    30
       Short sword       |    68 |   125 ||   193
Invok: Trog's Hand       |       |     1 ||     1
  Use: Scroll            |     4 |     4 ||     8
       Potion            |     1 |     1 ||     2
  Eat: Bread ration      |     1 |     1 ||     2
Armor: Animal skin       |    34 |       ||    34
       Scale mail        |       |    30 ||    30
Dodge: Dodged            |    67 |    45 ||   112
       Rpst.: Falchion   |     9 |       ||     9
